 Dungeon Crawl Stone Soup version 0.27.1-2-g3b301248ec (webtiles) character file.

Game seed: 12309943474866403799

259012 Urokeeper the Warrior (level 19, -14/182 HPs)
             Began as a Hill Orc Brigand on Oct 1, 2021.
             Was the Champion of Beogh.
             Killed by a malign offering
             ... invoked by a deep elf high priest
              (17 damage)
             ... on level 3 of the Elven Halls on Oct 5, 2021.
             The game lasted 04:58:29 (59460 turns).

Urokeeper the Warrior (Hill Orc Brigand)           Turns: 59460, Time: 04:58:33

Health: -14/182    AC: 33    Str: 28    XL:     19   Next: 89%
Magic:  19/19      EV:  7    Int: 13    God:    Beogh [******]
Gold:   1888       SH: 26    Dex: 12    Spells: 18/18 levels left

rFire    + + .     SeeInvis +   H - +9 short sword (speed)
rCold    . . .     Faith    .   s - +4 tower shield
rNeg     . . .     Spirit   .   i - +2 plate armour {rF+}
rPois    .         Reflect  .   t - +2 helmet {SInv}
rElec    .         Harm     .   G - +1 cloak {Will+}
rCorr    .         Rampage  .   p - +1 pair of gloves
Will     ++...                  W - +2 pair of boots
Stlth    ..........             U - amulet of the acrobat
HPRegen  0.40/turn              v - ring "Pihupeod" {Str+6 Int+2}
MPRegen  0.16/turn              r - ring of protection from fire

@: about to teleport, very slightly contaminated, slowed, invisible, very slow
A: walk on water
}: 2/15 runes: decaying, serpentine
a: Renounce Religion, Smiting, Recall Orcish Followers, Give Item to Named
Follower, Resurrection


You were on level 3 of the Elven Halls.
You worshipped Beogh.
Beogh was exalted by your worship.
You visited 7 branches of the dungeon, and saw 35 of its levels.

You collected 3290 gold pieces.
You spent 1402 gold pieces at shops.

Inventory:

Hand Weapons
 h - a +7 vorpal dagger
 n - a +2 vampiric rapier
 x - a +1 short sword of flaming
 H - a +9 short sword of speed (weapon)
Missiles
 d - 125 poisoned darts (quivered)
 X - 5 curare-tipped darts
Armour
 i - a +2 plate armour of fire resistance (worn)
 l - +0 swamp dragon scales
 p - a +1 pair of gloves (worn)
 s - a +4 tower shield (worn)
 t - a +2 helmet of see invisible (worn)
 G - a +1 cloak of willpower (worn)
 W - a +2 pair of boots (worn)
Jewellery
 o - an amulet of regeneration
 q - a ring of protection from fire
 r - a ring of protection from fire (right hand)
 v - the ring "Pihupeod" (left hand) {Str+6 Int+2}
   (You acquired it on level 6 of the Dungeon)

   [ring of strength]

   Str:       It affects your strength (+6).
   Int:       It affects your intelligence (+2).
 z - a ring of ice
 P - a ring of flight
 U - an amulet of the acrobat (around neck)
Wands
 b - a wand of polymorph (5)
 f - a wand of mindburst (17)
 k - a wand of acid (3)
 I - a wand of iceblast (19)
 M - a wand of digging (7)
 T - a wand of paralysis (16)
 Z - a wand of flame (54)
Scrolls
 u - 4 scrolls of teleportation
 A - 3 scrolls of fog
 C - 5 scrolls of immolation
 F - 3 scrolls of magic mapping
 J - a scroll of holy word
 O - 14 scrolls of identify
 Y - 2 scrolls of vulnerability
Potions
 c - 7 potions of lignification
 e - 2 potions of might
 g - 5 potions of magic
 m - 4 potions of attraction
 w - a potion of invisibility
 D - 2 potions of mutation
 E - a potion of cancellation
 S - 2 potions of haste
Miscellaneous
 y - a condenser vane
 B - a phial of floods
 K - a phantom mirror (inert)
 N - a lightning rod (4/4)
 Q - a phantom mirror (inert)


   Skills:
 + Level 19.0 Fighting
 + Level 18.2(18.4) Short Blades
 - Level 4.8(14.0) Long Blades
 - Level 1.7 Throwing
 + Level 17.3 Armour
 - Level 0.7 Dodging
 - Level 3.8 Stealth
 + Level 17.3 Shields


You had 18 spell levels left.
You didn't know any spells.
Your spell library contained the following spells:

 Spells                   Type           Power      Damage    Failure   Level
 Animate Skeleton         Necr           0%         N/A       99%         1
 Apportation              Tloc           0%         N/A       99%         1
 Pain                     Necr           0%         1d4       99%         1
 Sandblast                Erth           0%         2d4       99%         1
 Summon Small Mammal      Summ           0%         N/A       99%         1
 Passwall                 Tmut/Erth      0%         N/A       100%        2
 Slow                     Hex            0%         N/A       100%        2
 Call Canine Familiar     Summ           0%         N/A       100%        3
 Confusing Touch          Hex            0%         N/A       100%        3
 Dazzling Flash           Conj/Hex       0%         N/A       100%        3
 Portal Projectile        Hex/Tloc       0%         N/A       100%        3
 Summon Guardian Golem    Hex/Summ       0%         N/A       100%        3
 Swiftness                Air            0%         N/A       100%        3
 Vampiric Draining        Necr           0%         2d6       100%        3
 Animate Armour           Summ/Erth      0%         N/A       100%        4
 Iskenderun's Mystic Bla  Conj/Tloc      0%         2d3       100%        4
 Leda's Liquefaction      Hex/Erth       0%         N/A       100%        4
 Summon Lightning Spire   Summ/Air       0%         N/A       100%        4
 Alistair's Intoxication  Tmut/Pois      0%         N/A       100%        5
 Blade Hands              Tmut           0%         N/A       100%        5
 Fireball                 Conj/Fire      0%         3d3       100%        5
 Iskenderun's Battlesphe  Conj           0%         2d6       100%        5
 Lee's Rapid Deconstruct  Erth           0%         3d5*      100%        5
 Yara's Violent Unravell  Hex/Tmut       0%         3d3       100%        5
 Conjure Ball Lightning   Conj/Air       0%         3x3d6     100%        6
 Dispersal                Tloc           0%         N/A       100%        6
 Invisibility             Hex            0%         N/A       100%        6
 Iron Shot                Conj/Erth      0%         9d1       100%        6
 Starburst                Conj/Fire      0%         6d3       100%        6
 Orb of Destruction       Conj           0%         N/A       100%        7
 Storm Form               Tmut/Air       0%         N/A       100%        7
 Disjunction              Tloc           0%         N/A       100%        8
 Maxwell's Capacitive Co  Air            0%         ∞         100%        8


Dungeon Overview and Level Annotations

Branches:
Dungeon (15/15)            Temple (1/1) D:7            Lair (6/6) D:8
  Swamp (4/4) Lair:4        Snake (4/4) Lair:2        Slime (0/5) Lair:6
    Orc (2/2) D:12            Elf (3/3) Orc:2        Vaults (0/5) D:14
 Depths (0/5) D:15

Altars:
Ashenzari
Kikubaaqudgha
Makhleb
Nemelex Xobeh
Okawaru
Ru
Sif Muna
Uskayaw
Vehumet
Beogh

Shops:
D:11 :   D:12 (   D:13 [***!   Orc:1 !   Orc:2 !:[:   Elf:1 !   Snake:1 *[*[
Snake:3 **

Portals:
Trove: D:12 (give 8 potions of haste)

Annotations:
D:12 1 runed translucent door, Uvvog's ghost, journeyman GnNe
Lair:6 exclusion: obsidian statue
Elf:2 3 runed translucent doors


Message History

The Tzitzimitl bites you.
* * * LOW HITPOINT WARNING * * *
Your surroundings suddenly seem different.
An earth elemental and 4 elves come into view.
The deep elf annihilator is wielding the +2 war axe "Emisau" {antimagic, *Noise rElec rC+ Int+7}.
The deep elf annihilator shouts!
The deep elf master archer shouts!
The deep elf blademaster shouts!
The deep elf high priest shouts!
You hear a shout! x2
The deep elf high priest utters a dark prayer and points at you.
Your life force is offered up.
* * * LOW HITPOINT WARNING * * *
A deep elf annihilator comes into view. It is wielding a +0 long sword.
A deep elf master archer comes into view.
You fade into invisibility!
The deep elf annihilator shouts!
You block the deep elf blademaster's attack. x2
The deep elf master archer wields a +0 longbow.
The deep elf master archer shoots an arrow.
The arrow hits you!
* * * LOW HITPOINT WARNING * * *
The deep elf annihilator mumbles some strange words.
The deep elf annihilator blinks!
You block the deep elf blademaster's attack.
The deep elf blademaster hits you but does no damage.
The deep elf master archer wields a +0 longbow.
The deep elf master archer shoots an arrow.
The arrow hits the earth elemental!!
The deep elf master archer shoots an arrow.
You block the arrow.
The deep elf annihilator gestures wildly while chanting.
The deep elf annihilator blinks!
You are very lightly contaminated with residual magic.
Okay, then.
As you read the scroll of teleportation, it crumbles to dust.
You feel strangely unstable.
The deep elf master archer shoots an arrow.
You block the arrow.
The deep elf high priest utters a dark prayer and points at you.
Your life force is offered up.
You die...

.... e ... ..
...# ⌠.. e..#
.... #...##
....e###.....##
#.....E.......
#..e@....e..
###.........
###.....##
##.### #...#
#...# ee.#
#####e### ###
#..#..EE# #'#


You could see a deep elf blademaster, 2 deep elf master archers, a deep elf
annihilator, a deep elf high priest and an earth elemental.

Vanquished Creatures
  Jorgrun (Snake:2)
  2 thorn hunters
  Agnes (D:15)
  Gastronok (Lair:1)
  5 nagarajas
  2 deep elf elementalists
  A deep elf annihilator (Elf:2)
  A dire elephant (Lair:6)
  2 bunyips (Swamp:3)
  2 deep elf death magi (Elf:3)
  The ghost of Siddir the Blocker, a journeyman MiBe of Trog (Snake:3)
  2 eleionomae
  Harold (Lair:2)
  3 shambling mangroves
  A salamander tyrant (Snake:4)
  3 boulder beetles
  11 naga warriors
  23 hydras
  A hydra (shapeshifter) (Elf:1)
  2 ogre magi
  A death knight (D:13)
  The ghost of BigDaddyOpFi the Basher, a novice MiBe of Trog (D:7)
  6 centaur warriors
  11 alligators
  8 anacondas
  A death yak (Lair:6)
  9 dancing weapons
  A spectral dire elephant (Lair:6)
  A tengu warrior (D:14)
  19 naga sharpshooters
  7 shock serpents
  Sonja (D:12)
  11 deep elf knights
  5 salamander mystics
  4 skeletal warriors (D:12)
  A spectral death yak (Lair:6)
  4 goliath frogs
  A spectral anaconda (Lair:6)
  2 spriggan druids
  4 swamp dragons
  A wizard (D:15)
  11 naga ritualists
  4 deep elf archers
  5 necromancers
  A phantasmal warrior (D:13)
  A bog body (Lair:4)
  12 deep elf zephyrmancers
  21 deep elf pyromancers
  16 mana vipers
  A manticore (D:14)
  2 orc sorcerers (Orc:2)
  13 salamanders
  2 cyclopes (D:15)
  15 elephants
  16 naga magi
  6 guardian serpents
  2 centaur zombies
  35 black mambas
  A guardian serpent (shapeshifter) (Elf:1)
  9 cane toads
  2 kobold demonologists (D:11)
  10 komodo dragons
  An efreet (D:13)
  A freezing wraith (D:13)
  A tengu conjurer (D:14)
  A troll (Orc:2)
  3 tyrant leeches
  9 blink frogs
  10 hornets
  2 polar bears
  A shadow (D:12)
  2 air elementals
  A wraith (D:12)
  6 spriggans
  3 fire elementals
  3 water elementals
  A wyvern (Lair:5)
  2 steam dragons (D:8)
  4 basilisks
  33 yaks
  8 vampire mosquitoes
  2 death yak simulacra (Lair:6)
  8 swamp worms
  A spectral cane toad (Lair:6)
  13 water moccasins
  2 acid dragons
  54 nagas
  8 swamp drakes
  2 sky beasts
  2 ice beasts (D:7)
  2 black bears
  11 wolves (Lair:3)
  3 orc warriors
  A necrophage (D:4)
  An elephant skeleton (Lair:6)
  10 ogres
  7 centaurs
  A phantom (D:7)
  Blork the orc (D:4)
  2 bullfrogs
  A cane toad simulacrum (Lair:6)
  An earth elemental (Elf:3)
  A water moccasin zombie (D:5)
  A water moccasin skeleton (D:7)
  19 killer bees
  A howler monkey (D:9)
  3 wights (D:10)
  A bullfrog zombie (D:6)
  2 hounds
  2 centaur skeletons
  A jelly (D:6)
  4 orc priests
  2 iguanas (D:6)
  22 hell rats
  17 orc wizards
  A killer bee zombie (D:8)
  13 gnolls
  12 river rats (Lair:1)
  3 adders
  A white imp (D:8)
  An ufetubus (D:4)
  2 adder skeletons (D:4)
  A worm (D:2)
  2 dart slugs
  28 orcs
  3 ball pythons
  12 bats
  9 endoplasms
  4 giant cockroaches
  6 hobgoblins
  2 jackals (D:3)
  8 quokkas
  4 frilled lizards
  8 goblins
  7 kobolds
  20 rats
798 creatures vanquished.

Vanquished Creatures (collateral kills)
  2 deep elf sorcerers (Elf:3)
  Louise (Swamp:2)
  A deep elf demonologist (Elf:3)
  3 bunyips (Swamp:3)
  3 dire elephants (Lair:6)
  A deep elf annihilator (Elf:3)
  An ettin (Orc:2)
  4 eleionomae
  A deep elf high priest (Elf:3)
  A naga warrior (Snake:4)
  3 hydras
  A death knight (D:15)
  2 centaur warriors
  A two-headed ogre (D:14)
  3 dancing weapons
  2 alligators
  2 tengu warriors
  A spectral dire elephant (Lair:6)
  A spriggan (Swamp:2)
  3 deep elf knights
  The ghost of Gorgormcgor the Cleaver, a novice MiGl of Okawaru (Lair:1)
  2 goliath frogs
  A skeletal warrior (D:12)
  A spriggan druid (Swamp:2)
  2 swamp dragons
  3 bog bodies
  10 deep elf zephyrmancers
  2 deep elf archers
  An ugly thing (D:11)
  4 orc sorcerers (Orc:2)
  6 deep elf pyromancers
  A cyclops (D:12)
  2 manticores
  9 elephants
  A guardian serpent (Snake:4)
  A salamander (Snake:4)
  A naga mage (Snake:4)
  4 black mambas
  A centaur skeleton (D:15)
  4 cane toads
  2 rime drakes
  2 unseen horrors (D:12)
  5 komodo dragons
  A tengu conjurer (D:14)
  4 trolls
  3 hornets
  2 spectral elephants (Lair:6)
  2 tyrant leeches
  9 blink frogs
  A wraith (D:13)
  14 yaks
  A basilisk (Lair:3)
  2 vampire mosquitoes (Swamp:3)
  6 swamp worms
  An acid dragon (D:12)
  3 water moccasins
  4 orc warriors
  2 swamp drakes
  5 ogres
  2 elephant zombies (Lair:6)
  A centaur (D:13)
  An elephant skeleton (Lair:6)
  5 bullfrogs
  A cane toad simulacrum (Lair:6)
  An elephant simulacrum (Lair:6)
  An electric eel (Lair:2)
  An orc priest (Orc:2)
  2 orc wizards (Orc:2)
  4 hell rats (Lair:3)
  5 orcs
  4 briar patches (Swamp:2)
191 creatures vanquished.

Vanquished Creatures (others)
  3 orc warlords
  A two-headed ogre (D:14)
  An alligator (Swamp:2)
  A deep elf knight (Elf:1)
  14 orc warriors
  4 orc sorcerers
  2 orc knights (Orc:2)
  A deep elf zephyrmancer (Elf:1)
  Maurice (Orc:2)
  A naga mage (Snake:1)
  8 orc priests
  3 bloated husks
  An iguana (D:5)
  19 orc wizards
  An adder (D:5)
  35 orcs
  38 fungi
  93 plants
  20 withered plants (Lair:6)
247 creatures vanquished.

Grand Total: 1236 creatures vanquished

Notes
Turn   | Place    | Note
-------+----------+-------------------------------------------
     0 | D:1      | Urokeeper the Hill Orc Brigand began the quest for the Orb.
     0 | D:1      | Reached XP level 1. HP: 18/18 MP: 1/1
   219 | D:1      | Reached XP level 2. HP: 25/25 MP: 2/2
   528 | D:1      | Reached XP level 3. HP: 30/30 MP: 3/3
   543 | D:1      | Reached skill level 1 in Armour
  1037 | D:2      | Reached skill level 3 in Fighting
  2021 | D:2      | Reached XP level 4. HP: 32/38 MP: 4/4
  3127 | D:3      | Found a faded altar of an unknown god.
  3171 | D:3      | Reached skill level 1 in Shields
  3483 | D:3      | Reached XP level 5. HP: 41/45 MP: 5/5
  3566 | D:3      | Noticed a sky beast
  3583 | D:3      | Killed a sky beast
  3584 | D:3      | Reached skill level 4 in Fighting
  3584 | D:3      | Reached skill level 1 in Long Blades
  3684 | D:3      | Reached XP level 6. HP: 26/52 MP: 6/6
  3910 | D:4      | Noticed a black bear
  3932 | D:4      | Killed a black bear
  4162 | D:4      | Noticed Blork the orc
  4186 | D:4      | Killed Blork the orc
  4187 | D:4      | Reached XP level 7. HP: 41/60 MP: 7/7
  4377 | D:4      | Reached skill level 5 in Fighting
  4972 | D:5      | Entered Level 5 of the Dungeon
  4973 | D:5      | Became a worshipper of Beogh the Brigand
  5325 | D:5      | Noticed a yak
  5325 | D:5      | Noticed a yak
  5325 | D:5      | Noticed a yak
  5354 | D:5      | Killed a yak
  5375 | D:5      | Killed a yak
  5376 | D:5      | Reached XP level 8. HP: 9/70 MP: 8/8
  5423 | D:5      | Killed a yak
  5424 | D:5      | Reached skill level 6 in Fighting
  5775 | D:5      | Found a sparkling altar of Nemelex Xobeh.
  5892 | D:5      | Identified 2 scrolls of acquirement
  5892 | D:5      | Acquired a +1 cloak of willpower
  5914 | D:5      | Reached skill level 5 in Armour
  6462 | D:5      | Found a shimmering blue altar of Sif Muna.
  6726 | D:6      | Reached skill level 5 in Shields
  7114 | D:6      | Noticed a yak
  7114 | D:6      | Noticed a yak
  7117 | D:6      | Noticed a yak
  7118 | D:6      | Noticed a yak
  7119 | D:6      | Noticed a yak
  7127 | D:6      | Killed a yak
  7128 | D:6      | Reached XP level 9. HP: 39/78 MP: 9/9
  7131 | D:6      | Reached skill level 7 in Fighting
  7177 | D:6      | Reached skill level 5 in Short Blades
  7491 | D:6      | Reached * piety under Beogh
  7838 | D:6      | Noticed a deep elf pyromancer
  7852 | D:6      | Killed a deep elf pyromancer
  8098 | D:6      | Found a broken altar of Ashenzari.
  8102 | D:6      | Saw a vision of the Swamp and the Snake Pit.
  8102 | D:6      | Noticed a goliath frog
  8102 | D:6      | Noticed an alligator
  8102 | D:6      | Noticed a shock serpent
  8102 | D:6      | Noticed a naga warrior
  8102 | D:6      | Noticed a goliath frog
  8102 | D:6      | Noticed a mana viper
  8103 | D:6      | Noticed an alligator
  8262 | D:6      | Acquired the ring "Pihupeod" {Str+6 Int+2}
  8323 | D:7      | Reached skill level 8 in Fighting
  8845 | D:7      | Reached XP level 10. HP: 88/88 MP: 10/10
  8970 | D:7      | Found a staircase to the Ecumenical Temple.
  9094 | D:7      | Found a runed translucent gate.
  9095 | D:7      | Found a runed translucent gate.
  9097 | D:7      | Found a runed translucent gate.
  9099 | D:7      | Noticed BigDaddyOpFi's ghost (novice MiBe)
  9210 | D:7      | HP: 2/88 [BigDaddyOpFi's ghost (17)]
 10702 | D:8      | Found a hide-covered altar of Uskayaw.
 11029 | D:8      | Found a staircase to the Lair.
 11676 | D:9      | Reached skill level 9 in Fighting
 12357 | D:9      | Found an iron altar of Okawaru.
 12357 | D:9      | Found a burning altar of Makhleb.
 12479 | D:9      | Reached ** piety under Beogh
 12920 | D:10     | Entered Level 10 of the Dungeon
 13614 | D:10     | Noticed a deep elf pyromancer
 13629 | D:10     | Killed a deep elf pyromancer
 13630 | D:10     | Reached XP level 11. HP: 96/97 MP: 11/11
 14457 | D:11     | Noticed a red ugly thing
 14730 | D:11     | Noticed a boulder beetle
 15191 | D:10     | Killed a boulder beetle
 15192 | D:10     | Reached skill level 10 in Fighting
 15274 | D:11     | Reached *** piety under Beogh
 15436 | D:12     | Noticed a cyclops
 15478 | D:11     | Killed a red ugly thing
 15662 | D:11     | Found Lolubefa's Book Boutique.
 16165 | Lair:1   | Entered Level 1 of the Lair of Beasts
 16471 | Lair:1   | Reached skill level 10 in Short Blades
 16606 | Lair:1   | Noticed Gastronok
 16675 | Lair:1   | Killed Gastronok
 16888 | Lair:1   | Reached XP level 12. HP: 93/108 MP: 12/12
 17506 | Lair:1   | Found a large runed translucent door.
 17506 | Lair:1   | Found a large runed translucent door.
 17510 | Lair:1   | Noticed Gorgormcgor's ghost (novice MiGl)
 17941 | Lair:1   | Killed Gorgormcgor's ghost
 18492 | Lair:2   | Found a staircase to the Snake Pit.
 18669 | Lair:2   | Reached skill level 11 in Fighting
 18751 | Snake:1  | Entered Level 1 of the Snake Pit
 18826 | Snake:1  | Noticed a naga sharpshooter
 18826 | Snake:1  | Noticed a naga sharpshooter
 18826 | Snake:1  | Noticed a naga sharpshooter
 19157 | Lair:2   | Noticed Harold
 19214 | Lair:2   | Killed Harold
 19245 | Lair:2   | Reached skill level 10 in Armour
 19261 | Lair:2   | Reached **** piety under Beogh
 20098 | Lair:2   | Reached skill level 10 in Shields
 20156 | Lair:2   | Paralysed by a hornet for 2 turns
 20541 | Lair:2   | Noticed an eight-headed hydra
 20549 | Lair:2   | Killed an eight-headed hydra
 20643 | Lair:2   | Noticed a six-headed hydra
 20665 | Lair:2   | Killed a seven-headed hydra
 21032 | Lair:3   | Noticed a boulder beetle
 21071 | Lair:3   | Killed a boulder beetle
 21701 | Lair:3   | Reached XP level 13. HP: 116/117 MP: 13/13
 21814 | Lair:3   | Reached skill level 12 in Fighting
 21933 | Lair:3   | Gained Bogwald as an ally
 22290 | Lair:3   | You fall into a shaft and drop 3 floors!
 22290 | Lair:6   | Entered Level 6 of the Lair of Beasts
 22693 | Lair:6   | Reached ***** piety under Beogh
 22831 | Lair:5   | You fall into a shaft and drop 1 floor!
 22906 | Lair:6   | Noticed a dire elephant
 22906 | Lair:6   | Noticed a dire elephant
 22906 | Lair:6   | Noticed a dire elephant
 22977 | Lair:6   | Killed a dire elephant
 23665 | Lair:4   | Found a staircase to the Swamp.
 24849 | Lair:6   | Reached XP level 14. HP: 118/127 MP: 14/14
 24940 | Lair:6   | Reached skill level 13 in Fighting
 25147 | Lair:6   | Found a staircase to the Slime Pits.
 25968 | Lair:6   | Noticed a dire elephant
 25992 | Lair:6   | Killed a dire elephant
 26276 | Lair:6   | Your ally Bogwald died
 26292 | Lair:6   | Killed a dire elephant
 27454 | Lair:6   | Killed a dire elephant
 28954 | Temple   | Entered the Ecumenical Temple
 29077 | D:7      | Killed BigDaddyOpFi's ghost
 29686 | D:12     | Found a portal to a secret trove of treasure.
 29791 | D:12     | Found a runed translucent door.
 30129 | D:12     | Found a staircase to the Orcish Mines.
 30139 | Orc:1    | Entered Level 1 of the Orcish Mines
 30146 | Orc:1    | Found Payts's Distillery.
 30448 | Orc:2    | Entered Level 2 of the Orcish Mines
 30455 | Orc:2    | Noticed Maurice
 30459 | Orc:2    | Found a staircase to the Elven Halls.
 30795 | Orc:2    | Killed Maurice
 31314 | Orc:2    | Paralysed by an orc sorcerer for 7 turns
 31330 | Orc:2    | Paralysed by an orc sorcerer for 6 turns
 31347 | Orc:2    | Gained Borgun as an ally
 31356 | Orc:2    | Paralysed by an orc sorcerer for 6 turns
 31457 | Orc:2    | Found an ancient bone altar of Kikubaaqudgha.
 31460 | Orc:2    | Found Ihicoesch's Antique Armour Boutique.
 31604 | Orc:2    | Found a radiant altar of Vehumet.
 31627 | Orc:2    | Found a roughly hewn altar of Beogh.
 31627 | Orc:2    | Found Isove Boi's Book Boutique.
 31627 | Orc:2    | Found Weufil's Distillery.
 31646 | Orc:2    | Found Oraq's Book Shop.
 32274 | D:12     | Gained Bladwarg as an ally
 32553 | D:12     | Noticed Sonja
 32577 | D:12     | Killed Sonja
 32752 | D:12     | Found Zopesch's Antique Weapon Shoppe.
 32886 | D:12     | Noticed Uvvog's ghost (journeyman GnNe)
 32889 | D:12     | Identified the +6 spear of the Blessed Realm {pain, Fragile
                  | rElec rPois Dex+5}
 33015 | D:13     | Found Sehiho's Assorted Antiques.
 33026 | D:13     | Bought a shiny helmet for 157 gold pieces
 33066 | D:13     | Found Cifuic's General Store.
 33221 | D:13     | Reached skill level 14 in Fighting
 33224 | D:13     | Found Host's Antique Armour Emporium.
 33235 | D:13     | Bought a pair of runed boots for 187 gold pieces
 33258 | D:13     | Found Xybilalai's General Store.
 33278 | D:13     | Reached XP level 15. HP: 129/138 MP: 15/15
 33307 | D:13     | Bought a scroll of enchant weapon for 105 gold pieces
 33687 | D:13     | Reached skill level 15 in Short Blades
 33687 | D:13     | Reached XP level 16. HP: 147/147 MP: 16/16
 33895 | D:13     | Found Ycuza's Distillery.
 34331 | D:14     | Your ally Bladwarg died
 34384 | D:14     | Found a gate to the Vaults.
 35046 | D:15     | Entered Level 15 of the Dungeon
 35193 | D:15     | Noticed Agnes
 35214 | D:15     | Killed Agnes
 35215 | D:15     | Reached skill level 15 in Fighting
 35219 | D:15     | Reached ****** piety under Beogh
 35508 | D:15     | Found a sacrificial altar of Ru.
 35635 | D:15     | Found a staircase to the Depths.
 36314 | Swamp:1  | Entered Level 1 of the Swamp
 38572 | Swamp:2  | Acquired 678 gold pieces
 38662 | Swamp:2  | Identified the +1 leather armour "Dallos" {Dex+7}
 38804 | Swamp:2  | Noticed a thorn hunter
 38830 | Swamp:2  | Killed a thorn hunter
 39007 | Swamp:2  | Noticed Louise
 39041 | Swamp:2  | Killed Louise
 39644 | Swamp:3  | Reached XP level 17. HP: 139/158 MP: 17/17
 40119 | Swamp:4  | Entered Level 4 of the Swamp
 40423 | Swamp:4  | Reached skill level 16 in Fighting
 40713 | Swamp:4  | Your ally Borgun died
 42389 | Snake:1  | Found Acainiph's Antique Armour Emporium.
 42391 | Snake:1  | Found Vecagaw's Assorted Antiques.
 42393 | Snake:1  | Found Ugokiz's Armour Emporium.
 42394 | Snake:1  | Found Qeisuac's Assorted Antiques.
 42438 | Snake:1  | Bought a scroll of enchant weapon for 217 gold pieces
 42438 | Snake:1  | Bought a potion of might for 116 gold pieces
 43221 | Snake:2  | Noticed Jorgrun
 43248 | Snake:2  | Killed Jorgrun
 43556 | Snake:2  | Gained Rocco as an ally
 43643 | Snake:2  | Reached skill level 15 in Armour
 43728 | Snake:2  | Your ally Rocco died
 43957 | Snake:2  | Reached skill level 15 in Shields
 44737 | Snake:3  | Found Aruanaciega's Mass Market.
 44953 | Snake:3  | Gained Ugrim as an ally
 44953 | Snake:3  | Gained Warrok as an ally
 44959 | Snake:3  | Your ally Ugrim died
 44959 | Snake:3  | Your ally Warrok died
 44972 | Snake:3  | Found Doptov's General Store.
 45199 | Snake:3  | Bought a potion of berserk rage for 95 gold pieces
 45620 | Snake:3  | Reached skill level 17 in Fighting
 45825 | Snake:3  | Reached XP level 18. HP: 74/169 MP: 18/18
 45959 | Snake:3  | Found a runed translucent door.
 45961 | Snake:3  | Noticed Siddir's ghost (journeyman MiBe)
 46056 | Snake:3  | Killed Siddir's ghost
 47522 | Swamp:3  | Paralysed by a hornet for 2 turns
 47733 | Swamp:4  | Gained Bogbarth as an ally
 47798 | Swamp:4  | Got a decaying rune of Zot
 47831 | Swamp:4  | Your ally Bogbarth died
 48129 | Snake:4  | Entered Level 4 of the Snake Pit
 51449 | Snake:4  | Reached skill level 18 in Fighting
 51978 | Snake:4  | Reached XP level 19. HP: 101/179 MP: 19/19
 52332 | Snake:4  | Got a serpentine rune of Zot
 53931 | Snake:4  | Gained Ortolf as an ally
 54881 | Elf:1    | Entered Level 1 of the Elven Halls
 55030 | Elf:1    | Paralysed by an air elemental for 1 turns
 55675 | Elf:1    | Found Lare's Distillery.
 55689 | Elf:1    | Bought a potion of might for 60 gold pieces
 55689 | Elf:1    | Bought a potion of heal wounds for 75 gold pieces
 55689 | Elf:1    | Bought a potion of heal wounds for 75 gold pieces
 55689 | Elf:1    | Bought 2 potions of invisibility for 240 gold pieces
 55689 | Elf:1    | Bought a potion of heal wounds for 75 gold pieces
 56840 | Elf:2    | Paralysed by an air elemental for 1 turns
 57288 | Elf:2    | Found a runed translucent gate.
 57288 | Elf:2    | Found a runed translucent gate.
 57320 | Elf:2    | Found a runed translucent gate.
 57380 | Elf:3    | Entered Level 3 of the Elven Halls
 58771 | Elf:3    | Noticed a Brimstone Fiend
 58789 | Elf:3    | Your ally Ortolf died
 59150 | Elf:2    | Reached skill level 19 in Fighting
 59444 | Elf:3    | Noticed an Ice Fiend
 59445 | Elf:3    | Noticed a Tzitzimitl
 59458 | Elf:3    | Identified the +2 war axe "Emisau" {antimagic, *Noise rElec
                  | rC+ Int+7}
 59459 | Elf:3    | HP: 2/182 [deep elf master archer/arrow (12)]
 59460 | Elf:3    | Killed from afar by a deep elf high priest

Illustrated notes

Levels and vault maps discovered:
D:1:      lemuel_arrival_behind_the_door_large, layout_loops_ring
D:2:      layout_loops_corners, minmay_goblin_kobold_house
D:3:      layout_basic, dilly_ecumenical_altar_fadedgnrine, minmay_door_square
D:4:      layout_rooms, uniq_blork_the_orc
D:5:      cheibrodos_two_vegetables, layout_basic, kennysheep_orc_sif_temple,
          mainiacjoe_overflow_paths
D:6:      layout_loops_ring, grunt_ashenzari_visionary
          [grunt_ashenzari_visionary_swamp, grunt_ashenzari_visionary_snake],
          grunt_decor_cap, guppyfry_early_elven_hall
D:7:      layout_loops_corners, minmay_temple_entry_junction,
          ebering_ghost_rock_garden
D:8:      layout_basic, nicolae_uskayaw_murder_on_the_dancefloor,
          lair_entry_dummy
D:9:      layout_cave_pods, gammafunk_temple_overflow_elements
D:10:     layout_loops_ring
D:11:     layout_irregular_city, serial_shops, nicolae_shop_trees,
          minmay_stone_trees_small
D:12:     layout_irregular_city, hiddenorc2_lemuel, ebering_ghost_funeral_grove,
          nicolae_trove_entry_free_sample, serial_shops, shop, uniq_sonja
D:13:     layout_loops_ring, serial_shops, shop, nicolae_lakefront_shop,
          nicolae_diamond_shop, nicolae_shop_trees, nicolae_inconvenience_store
D:14:     layout_basic, david_vaults_2, chequers_serial_rivers_micro_c
D:15:     grunt_enter_depths_magical_seal, layout_cave_pools,
          lemuel_doored_altar, uniq_agnes
Temple:   eino_temple_scatter_basement
Lair:1:   lemuel_ratsnest, layout_regular_city, ebering_ghost_disaster_area,
          uniq_gastronok
Lair:2:   cheibrodos_lair_overgrown_chateau, layout_loops_ring,
          guppyfry_snake_entry_garden, infiniplex_staircase_pool, uniq_harold
Lair:3:   layout_chaotic_city, serial_bayou_pond_d
Lair:4:   layout_big_grid, skrybe_swamp_entry_bodies, serial_forest,
          infiniplex_forest_clump_cross, infiniplex_forest_clump_small,
          infiniplex_forest_clump_small, infiniplex_forest_lined_1,
          chequers_serial_rivers_micro_a, serial_bayou_shore_b
Lair:5:   layout_long_grid
Lair:6:   due_jungle_book, layout_small_grid, slime_dummy, grunt_megastairs_3
Swamp:1:  layout_basic_swamp, serial_swamp_ruin, evilmike_swamp_ruin_rubble_2,
          evilmike_swamp_ruin_rubble_1, evilmike_swamp_ruin_house_3,
          infiniplex_staircase_pool_2
Swamp:2:  layout_basic_swamp, nicolae_swamp_little_swirl, swamp_pool4,
          uniq_louise
Swamp:3:  layout_basic_swamp, evilmike_swamp_ruin_house_1, swamp_pool1,
          nicolae_swamp_frolicking_bunyips
Swamp:4:  swamp, layout_basic_swamp, nicolae_swamp_well_well_well
Snake:1:  layout_onion_interference, minmay_shop_grid_forest
Snake:2:  layout_gridlike, grunt_megastairs_5, uniq_jorgrun
Snake:3:  layout_onion_interference, ebering_ghost_inner_flame, serial_shops,
          shop, minmay_shop_mass, grunt_megastairs_4
Snake:4:  johnstein_snake_rune_scales, layout_onion, library_closet,
          nicolae_snake_coiling_death
Orc:1:    layout_diamond_mine, serial_shops, shop_fountains
Orc:2:    kennysheep_orc_mage_school, layout_caves, uniq_maurice
Elf:1:    minmay_elf_arrival_circle, layout_geoelf_octagon, serial_shops,
          shop_fountains, hangedman_elven_crosses_minicolossus
Elf:2:    nicolae_elf_blades_splatter_lattice [nicolae_blade_entry_pointy_end],
          layout_geoelf_octagon
Elf:3:    minmay_elf_hall_not_hex, layout_loops_corners

Skill      XL: |  1  2  3  4  5  6  7  8  9 10 11 12 13 14 15 16 17 18 19 |
---------------+----------------------------------------------------------+-----
Armour         | 1 2 3 4 5 7 8 9 10 11 12 13 14 15 16 17 | 17.3
Fighting       | 3 4 5 6 8 9 10 11 12 14 15 17 18 19 | 19.0
Shields        | 1 2 4 5 6 8 9 10 11 12 13 14 15 16 17 | 17.3
Long Blades    | 2 4 |  4.8
Short Blades   | 3 6 8 10 12 13 14 15 16 17 18 | 18.2
Throwing       | |  1.7
Dodging        | |  0.7
Stealth        | |  3.8

Action                   |  1- 3 |  4- 6 |  7- 9 | 10-12 | 13-15 | 16-18 | 19-21 || total
-------------------------+-------+-------+-------+-------+-------+-------+-------++-------
Melee: Dagger            |   142 |   178 |       |       |       |       |       ||   320
       Short sword       |       |       |   421 |  1450 |  1489 |  2791 |   922 ||  7073
Throw: Javelin           |       |     1 |       |     1 |       |     2 |       ||     4
       Dart              |       |     9 |    18 |     9 |       |     2 |       ||    38
Invok: Convert to Beogh  |       |       |     1 |       |       |       |       ||     1
       Smiting           |       |       |       |     1 |       |       |       ||     1
       Recall Orcish Fol |       |       |       |       |     4 |     4 |     3 ||    11
       Give Item to Name |       |       |       |       |     3 |       |     1 ||     4
Evoke: Wand              |       |       |       |     9 |     1 |       |       ||    10
       Phantom mirror    |       |       |       |       |       |     1 |     1 ||     2
       Lightning rod     |       |       |       |       |       |     1 |       ||     1
  Use: Scroll            |       |     4 |    10 |    18 |     8 |    16 |     7 ||    63
       Potion            |       |       |     9 |    11 |     8 |    25 |     6 ||    59
 Stab: Sleeping          |     1 |       |       |       |       |       |       ||     1
       Invisible         |       |       |     3 |       |       |     3 |       ||     6
       Fleeing           |       |       |       |     1 |       |       |       ||     1
       Distracted        |       |       |       |     2 |    10 |     9 |     2 ||    23
       Confused          |       |       |       |       |     1 |       |       ||     1
Armor: Robe              |     2 |       |       |       |       |       |       ||     2
       Leather armour    |     8 |       |       |       |       |       |       ||     8
       Chain mail        |    33 |    95 |     9 |       |       |       |       ||   137
       Ring mail         |    14 |    22 |       |       |       |       |       ||    36
       Plate armour      |       |       |   137 |   383 |   370 |   488 |   100 ||  1478
       Swamp dragon scal |       |       |       |       |       |   148 |    37 ||   185
       Skin              |       |       |       |       |       |     6 |       ||     6
Dodge: Dodged            |    58 |    25 |     9 |    95 |   143 |   314 |    83 ||   727
Block: Tower shield      |       |   139 |   259 |  1120 |  1125 |  2224 |   575 ||  5442
